AoeStats
← cupiim

Golden Pit

507816669Analyzed
1v1 RM · 13d ago on Sep 19, 2026· 32m 40s· 2 players
Game mode
Random Map
Map size
Tiny (2 player)
Population
200
Speed
Normal
Resources
Standard
Victory
Conquest
Starting age
Dark Age
Ending age
Imperial Age
RankedLock teamsTeams togetherTeam positionsShared explorationLock speedFull tech treeHidden civsTurbo modeCheats
Victory
Defeat
🇧🇷 Inca · Brazil
507
+18
🇫🇷 Hindustanis · France
550
-18
cupiim
11:49 Feudal Age
10:05 Loom
13:08 Champi Runner
14:12 Horse Collar
21:34 Castle Age
20:22 Double-Bit Axe
21:51 Forging
21:52 Stone Mining
26:19 Andean Sling
30:39 Crossbowman
32:21 Masonry
JJ
0:31 Loom
13:33 Feudal Age
21:41 Castle Age
20:53 Bloodlines
20:57 Forging
21:12 Gold Mining
Connection lost

Rejoining the realm…

Still unreachable

The connection could not be restored.

Session expired

The server has moved on; the page needs a fresh start.